 Dungeon Crawl Stone Soup version 0.31-a0-237-g2d982f9f85 (webtiles) character file.

Game seed: 630172771702268754

249 qw the Shooter (level 5, -1/45 HPs)
             Began as a Minotaur Hexslinger on July 10, 2023.
             Slain by Duvessa
             ... wielding a +0 rapier
              (5 damage)
             ... on level 4 of the Dungeon.
             The game lasted 00:00:59 (2645 turns).

qw the Shooter (Minotaur Hexslinger)                Turns: 2645, Time: 00:01:00

Health: -1/45      AC:  6    Str: 12    XL:     5   Next: 87%
Magic:  5/5        EV: 11    Int: 10    God:
Gold:   226        SH:  0    Dex: 15    Spells: 5/6 levels left

rFire   + . .        Y - +1 sling
rCold   . . .        (no shield)
rNeg    . . .        f - +0 ring mail
rPois   .            (helmet restricted)
rElec   .            (no cloak)
rCorr   .            c - +0 pair of gloves
SInv    .            (no boots)
Will    .....        (no amulet)
Stlth   +            d - ring of protection from fire
HPRegen 0.27/turn    (no ring)
MPRegen 0.09/turn

%: no passive effects
@: about to teleport
A: horns 2, retaliatory headbutt
a: no special abilities


You were on level 4 of the Dungeon.
You visited 1 branch of the dungeon, and saw 4 of its levels.

You collected 226 gold pieces.


Innate Abilities, Weirdness & Mutations

You have a pair of horns on your head.
You reflexively headbutt those who attack you in melee.


   Skills:
 + Level 3.4 Fighting
 - Level 6.0 Ranged Weapons
 - Level 1.0 Armour
 - Level 2.1 Dodging
 - Level 1.0 Spellcasting
 - Level 2.0 Hexes


You had 5 spell levels left.
You knew the following spells:

 Your Spells              Type           Power      Damage    Failure   Level
a - Slow                  Hex            16%        N/A       34%         1

Your spell library contained the following spells:

 Spells                   Type           Power      Damage    Failure   Level
 Inner Flame              Hex/Fire       2%         N/A       83%         3
 Portal Projectile        Hex/Tloc       4%         N/A       83%         3
 Cause Fear               Hex            2%         N/A       98%         4

Inventory:

Hand Weapons
 Y - a +1 sling (weapon)
Armour
 c - a +0 pair of gloves (worn)
 f - a +0 ring mail (worn)
Jewellery
 d - a ring of protection from fire (left hand)
Scrolls
 a - a scroll of identify
 b - a scroll of brand weapon {unknown}
 h - a scroll of fog {unknown}
Potions
 g - a potion of enlightenment {unknown}
 i - a potion of haste {unknown}
 j - 3 potions of heal wounds

Dungeon Overview and Level Annotations

Branches:
Dungeon (4/15)
 Temple: D:4-7

Altars:
Ashenzari
Nemelex Xobeh
Trog

Annotations:
D:4 Duvessa


Message History

You shoot a sling bullet.
The sling bullet closely misses Duvessa.
Duvessa hits you with a +0 rapier.
You shoot a sling bullet. The sling bullet barely misses Duvessa.
Duvessa hits you with a +0 rapier. Duvessa hits you but does no damage.
You shoot a sling bullet. The sling bullet hits Duvessa.
Duvessa is severely wounded.
Duvessa says, "When magic and the sword combine, nothing stands against them."
Duvessa hits you with a +0 rapier!
You shoot a sling bullet.
The sling bullet hits Duvessa but does no damage.
Duvessa is severely wounded.
Duvessa closely misses you.
You shoot a sling bullet.
The sling bullet hits Duvessa but does no damage.
Duvessa is severely wounded.
Duvessa closely misses you.
You shoot a sling bullet. The sling bullet hits Duvessa.
Duvessa is severely wounded.
Duvessa closely misses you. Duvessa hits you with a +0 rapier.
You shoot a sling bullet.
The sling bullet completely misses Duvessa.
Duvessa barely misses you. You furiously retaliate!
You headbutt Duvessa, but do no damage. You shoot a sling bullet.
The sling bullet hits Duvessa.
Duvessa is almost dead.
Duvessa completely misses you.
You shoot a sling bullet. The sling bullet barely misses Duvessa.
Duvessa hits you with a +0 rapier.
You shoot a sling bullet. The sling bullet hits Duvessa.
Duvessa is almost dead.
Duvessa hits you with a +0 rapier.
You shoot a sling bullet. The sling bullet hits Duvessa.
Duvessa is almost dead.
Duvessa hits you with a +0 rapier. x2
2645 ||| READING scroll of teleportation.
As you read the scroll of teleportation, it crumbles to dust.
You feel strangely unstable. Duvessa hits you with a +0 rapier.
You die...

#... +... #..# # ..# .## ##....
#.. ##..#.#####.# ##.##
#.....e.....# #... #@# #..# ####
#.# #..# ...# #.# ####..#####
##.# ##.## #..........
#.######### #...# #.#####.###
#.##......# #...#####.# #.#
##.##.####.# #.........# #.#
##.##.####.####...#####.# #.#
.......[##.........)..#.#####.###


You could see Duvessa.

Vanquished Creatures
  A black bear (D:3)
  A hound (D:4)
  An orc wizard (D:3)
  3 adders
  2 dart slugs (D:1)
  5 orcs
  3 bats
  7 endoplasms
  3 giant cockroaches
  13 goblins
  5 hobgoblins
  3 jackals (D:4)
  7 ball pythons
  3 frilled lizards
  6 kobolds
  6 rats
69 creatures vanquished.

Notes
Turn   | Place    | Note
-------+----------+-------------------------------------------
     0 | D:1      | qw the Minotaur Hexslinger began the quest for the Orb.
     0 | D:1      | Reached XP level 1. HP: 16/16 MP: 1/1
     0 | D:1      | 0 ||| qw: Version: 0.3-a-52-g30416fa
     0 | D:1      | 0 ||| qw: Game counter: 5377
     0 | D:1      | 0 ||| qw: Melee chars always use a shield: true
     0 | D:1      | 0 ||| qw: God list: Okawaru
     0 | D:1      | 0 ||| qw: Allow faded altars: false
     0 | D:1      | 0 ||| qw: Do Orc after clearing Dungeon:15 true
     0 | D:1      | 0 ||| qw: Do second Lair branch before Depths: true
     0 | D:1      | 0 ||| qw: Lair rune preference: random
     0 | D:1      | 0 ||| qw: Goals: Normal
     0 | D:1      | 0 ||| PLANNING D:1-11
    95 | D:1      | Reached skill level 3 in Ranged Weapons
   185 | D:1      | Reached XP level 2. HP: 23/23 MP: 2/2
   189 | D:1      | 189 ||| FLEEEEING.
   190 | D:1      | 190 ||| FLEEEEING.
   432 | D:1      | 432 ||| UPGRADING to +0 ring mail.
   442 | D:1      | 442 ||| DROPPING +0 robe.
   443 | D:1      | 443 ||| UPGRADING to ring of protection from fire.
   444 | D:1      | 444 ||| READING 4 scrolls labelled BILUATYOCREF.
   445 | D:1      | 445 ||| READING scroll labelled HASMIA QIT GEU.
   446 | D:1      | 446 ||| READING scroll labelled JAEBBI PUMATESKI.
   450 | D:1      | 450 ||| READING scroll labelled HAZYBR AJ UGY.
   451 | D:1      | 451 ||| DRINKING 2 sedimented sapphire potions.
   452 | D:1      | 452 ||| READING 3 scrolls of identify.
   452 | D:1      | 452 ||| IDENTIFYING bubbling silvery potion
   453 | D:1      | 453 ||| DROPPING scroll of poison.
   454 | D:1      | 454 ||| DROPPING potion of attraction.
   502 | D:2      | Reached XP level 3. HP: 29/29 MP: 3/3
   575 | D:2      | Found a broken altar of Ashenzari.
   931 | D:2      | 931 ||| UPGRADING to +0 pair of gloves.
   936 | D:2      | 936 ||| READING scroll labelled WUSYCOPNOIBO.
  1174 | D:3      | Reached skill level 4 in Ranged Weapons
  1346 | D:3      | Reached skill level 1 in Armour
  1426 | D:3      | Found a bloodstained altar of Trog.
  1510 | D:3      | Reached XP level 4. HP: 36/36 MP: 4/4
  1632 | D:3      | Noticed a black bear
  1641 | D:3      | Killed a black bear
  1642 | D:3      | Reached skill level 5 in Ranged Weapons
  1642 | D:3      | Reached XP level 5. HP: 23/41 MP: 5/5
  1987 | D:3      | 1987 ||| READING 2 scrolls of identify.
  1987 | D:3      | 1987 ||| IDENTIFYING smoky amethyst potion
  1988 | D:3      | 1988 ||| DROPPING potion of berserk rage.
  2076 | D:4      | Reached skill level 3 in Fighting
  2214 | D:4      | Found a sparkling altar of Nemelex Xobeh.
  2370 | D:4      | Reached skill level 6 in Ranged Weapons
  2625 | D:4      | Noticed Duvessa
  2644 | D:4      | HP: 7/45 [Duvessa/+0 rapier (6)]
  2645 | D:4      | 2645 ||| READING scroll of teleportation.
  2645 | D:4      | Slain by Duvessa

Levels and vault maps discovered:
D:1:      eino_arrival_water_cross, layout_rooms
D:2:      layout_basic, basic_altar
D:3:      layout_basic, mainiacjoe_overflow_paths, nrook_campfire
D:4:      kennysheep_goblin_castle, layout_loops_cross,
          mainiacjoe_overflow_tiny_flanked, gammafunk_temple_overflow_claw,
          minmay_goblin_outpost, uniq_duvessa

Skill      XL: |  1  2  3  4  5 |
---------------+----------------+-----
Ranged Weapons | 3 4 5 6 |  6.0
Fighting       | 2 3 |  3.4
Armour         | 1 |  1.0
Dodging        | |  2.1
Spellcasting   | |  1.0
Hexes          | |  2.0

Action                     |  1- 3 |  4- 6 || total
---------------------------+-------+-------++-------
   Fire: Sling             |   106 |    97 ||   203
    Use: Scroll            |     6 |     2 ||     8
         Potion            |     1 |       ||     1
 Armour: Robe              |     2 |       ||     2
         Ring mail         |     4 |    33 ||    37
  Dodge: Dodged            |    23 |    53 ||    76

Table legend:
 A = Non-vault XP
 B = Vault XP
 C = Vault XP percentage of total XP
 D = Non-vault monster count
 E = Vault monster count
 F = Vault count percentage of total count
                 A         B        C        D         E       F
            +---------+---------+-------+---------+---------+-------
      Total |     342 |      15 |   4.2 |      61 |       8 |  11.6
            +---------+---------+-------+---------+---------+-------
        D:1 |      34 |       0 |   0.0 |      19 |       0 |   0.0
        D:2 |      25 |       0 |   0.0 |       7 |       0 |   0.0
        D:3 |     210 |       0 |   0.0 |      24 |       0 |   0.0
        D:4 |      73 |      15 |  17.0 |      11 |       8 |  42.1
            +---------+---------+-------+---------+---------+-------
